 Dungeon Sprint DCSS version 0.22.1-2-g9c5b331383 (webtiles) character file.

1081 LunaticDancer the Grappler (level 8, -6/89 HPs)
             Began as a Troll Berserker on Nov 22, 2018.
             Was a Follower of Makhleb.
             Mangled by a demonic crawler (7 damage)
             ... in the Dungeon (Sprint I: "Red Sonja").
             The game lasted 00:06:28 (195 turns).

LunaticDancer the Grappler (Troll Berserker)         Turns: 195, Time: 00:06:28

Health: -6/89      AC:  5    Str: 28    XL:     8   Next: 8%
Magic:  7/7        EV: 13    Int:  3    God:    Makhleb [*.....]
Gold:   270        SH:  0    Dex:  9    Spells: 7/7 levels left

rFire    . . .     SeeInvis .     - Unarmed
rCold    . . .     Gourm    +   (no shield)
rNeg     . . .     Faith    .   a - +0 animal skin
rPois    .         Spirit   .   (helmet restricted)
rElec    .         Reflect  .   (no cloak)
rCorr    .         Harm     .   (gloves unavailable)
MR       .....     NoTele   +   (boots unavailable)
Stlth    ..........             (no amulet)
HPRegen  0.64/turn              m - ring of attention (curse)
MPRegen  0.10/turn              (no ring)

@: no status effects
A: large, unfitting armour, claws 3, fast metabolism 3, gourmand, regeneration
1, shaggy fur 1, tough skin 2
a: Renounce Religion


You were in the Dungeon.
You worshipped Makhleb.
Makhleb was aware of your devotion.
You were not hungry.

You visited 1 branch You collected 270 gold pieces.

Inventory:

Hand Weapons
 k - a cursed +0 scythe
 n - a +0 dagger
Missiles
 l - 21 poisoned needles (quivered)
Armour
 a - a +0 animal skin (worn)
 j - a cursed +0 leather armour
Jewellery
 m - a cursed ring of attention (left claw)
Scrolls
 h - a scroll of blinking
Potions
 c - a potion of curing
 d - a potion of heal wounds
 e - a potion of haste
 f - 2 potions of magic
 g - a potion of berserk rage
 i - a potion of lignification {unknown}
Comestibles
 b - 2 rations


   Skills:
 + Level 8.7 Fighting
 + Level 8.6 Dodging
 + Level 11.5 Unarmed Combat


You had 7 spell levels left.
You didn't know any spells.
Your spell library was empty.

Dungeon Overview and Level Annotations

Branches:
Dungeon (1/1)

Altars:
Makhleb
Sif Muna
Vehumet
Wu Jian
Xom
Jiyva
Lugonu


Innate Abilities, Weirdness & Mutations

You are too large for most types of armour.
You have claws for hands.
Your metabolism is lightning-fast.
You like to eat raw meat.
Your natural rate of healing is unusually fast.
You are covered in fur. (AC +1)
You have very tough skin. (AC +2)


Message History

There is an open door here.
The demonic crawler hits you.
* * * LOW HITPOINT WARNING * * *
The demonic crawler closely misses you. x2
There is an open door here.
You closely miss the demonic crawler. Your claw misses the demonic crawler.
The demonic crawler misses you. The demonic crawler closely misses you.
The demonic crawler completely misses you.
You mangle the demonic crawler!!
The demonic crawler is heavily wounded.
The demonic crawler barely misses you.
The demonic crawler hits you but does no damage.
The demonic crawler hits you.
* * * LOW HITPOINT WARNING * * *
You scratch the demonic crawler but do no damage.
The demonic crawler is heavily wounded.
The demonic crawler hits you!
* * * LOW HITPOINT WARNING * * *
The demonic crawler hits you!
You die...

##########################
#<.#..)..#.['..#__#.)[...#
#..'..#..'..#.ssss'..#...##+#
#..#####'#####s#__####..s'..#
#..# #..# #@#### #####..+
#..# #### ##.# ## #..# #+#_.+
#⌠⌠# +..._# #### #_.#+# ##+#


You could see 3 demonic crawlers.

Vanquished Creatures
  2 kobold demonologists (D)
  A slime creature (D)
  Sigmund (D)
  A floating eye (D)
  An ogre (D)
  A jelly (D)
  Ijyb (D)
8 creatures vanquished.

Notes
Turn   | Place    | Note
-------+----------+-------------------------------------------
     0 | D        | LunaticDancer the Troll Berserker began the quest for the
                  | Orb.
     0 | D        | Reached XP level 1. HP: 22/22 MP: 0/0
     2 | D        | Noticed Ijyb
    16 | D        | Killed Ijyb
    16 | D        | Reached skill level 4 in Unarmed Combat
    16 | D        | Reached XP level 2. HP: 28/31 MP: 1/1
    22 | D        | Noticed an ogre
    25 | D        | Killed an ogre
    25 | D        | Reached skill level 6 in Unarmed Combat
    25 | D        | Reached XP level 3. HP: 41/41 MP: 2/2
    25 | D        | Reached XP level 4. HP: 49/49 MP: 3/3
    29 | D        | Noticed Sigmund
    34 | D        | Killed Sigmund
    34 | D        | Reached ** piety under Trog
    34 | D        | Reached skill level 8 in Unarmed Combat
    34 | D        | Reached XP level 5. HP: 53/61 MP: 4/4
    34 | D        | Reached XP level 6. HP: 59/68 MP: 5/5
    58 | D        | Found a burning altar of Makhleb.
    58 | D        | Found a viscous altar of Jiyva.
    58 | D        | Found a shimmering altar of Xom.
    58 | D        | Found a corrupted altar of Lugonu.
    58 | D        | Noticed a slime creature
    65 | D        | Fell from the grace of Trog
    65 | D        | Became a worshipper of Makhleb the Destroyer
    69 | D        | Killed a slime creature
    69 | D        | Reached skill level 9 in Unarmed Combat
    73 | D        | Found an ornate altar of the Wu Jian Council.
    73 | D        | Found a deep blue altar of Sif Muna.
    75 | D        | Found a radiant altar of Vehumet.
   152 | D        | Noticed a kobold demonologist
   152 | D        | Noticed a floating eye
   154 | D        | Killed a floating eye
   154 | D        | Reached * piety under Makhleb
   154 | D        | Reached skill level 10 in Unarmed Combat
   154 | D        | Reached XP level 7. HP: 79/79 MP: 6/6
   155 | D        | Noticed a kobold demonologist
   158 | D        | Killed a kobold demonologist
   169 | D        | Killed a kobold demonologist
   169 | D        | Reached skill level 11 in Unarmed Combat
   169 | D        | Reached XP level 8. HP: 89/89 MP: 7/7
   177 | D        | Noticed a demonic crawler
   177 | D        | Noticed a demonic crawler
   177 | D        | Noticed a demonic crawler
   177 | D        | Noticed a demonic crawler
   195 | D        | HP: 1/89 [demonic crawler (12)]
   195 | D        | Mangled by a demonic crawler

Skill      XL: |  1  2  3  4  5  6  7 |
---------------+----------------------+-----
Fighting       | 3 4 6 7 8 |  8.7
Dodging        | 3 4 6 7 8 |  8.6
Unarmed Combat | 4 6 8 10 11 | 11.5

Action                   |  1- 3 |  4- 6 |  7- 9 || total
-------------------------+-------+-------+-------++-------
Melee: Unarmed           |    15 |    14 |    22 ||    51
       Punch             |       |     2 |     1 ||     3
Armor: Animal skin       |     4 |     1 |     6 ||    11
Dodge: Dodged            |     5 |     6 |    29 ||    40
